 Dungeon Crawl Stone Soup version 0.23.1-37-gaa34b87 (webtiles) character file.

Game seed: 5621049876567935225

160552 night the Executioner (level 17, -4/162 HPs)
             Began as a Hill Orc Monk on Mar 21, 2019.
             Was the Champion of Trog.
             Blown up by an orb spider (39 damage)
             ... with an orb of destruction
             ... on level 1 of the Spider Nest.
             The game lasted 02:02:00 (28072 turns).

night the Executioner (Hill Orc Monk)              Turns: 28072, Time: 02:02:01

Health: -4/162     AC: 35    Str: 25    XL:     17   Next: 76%
Magic:  21/21      EV:  9    Int:  6    God:    Trog [******]
Gold:   1397       SH:  5    Dex: 18    Spells: 16/16 levels left

rFire    + . .     SeeInvis +   m - +7 arbalest "Faugoenk" {velocity, rElec Dex+2}
rCold    + + .     Gourm    .   (shield currently unavailable)
rNeg     . . .     Faith    .   X - +4 crystal plate armour
rPois    .         Spirit   .   S - +0 helmet {SInv}
rElec    +         Reflect  +   H - scarf {rC+ rF+}
rCorr    .         Harm     .   u - +1 pair of gloves {Dex+3}
MR       ++...                  n - +0 pair of boots
Stlth    ..........             J - amulet of Zabumab {Reflect Str+5 Int-5 SH+5}
HPRegen  0.37/turn              v - ring of protection from magic
MPRegen  0.17/turn              j - ring of protection from cold

@: lethally poisoned (-4 -> -5), studying Axes
A: no striking features
a: Berserk, Trog's Hand, Brothers in Arms, Renounce Religion


You were on level 1 of the Spider Nest.
You worshipped Trog.
Trog was exalted by your worship.
You were not hungry.

You visited 3 branches of the dungeon, and saw 22 of its levels.
You also visited: Sewer, Bailey, Gauntlet, Ice Cave and Volcano.

You collected 1816 gold pieces.
You spent 419 gold pieces at shops.

Inventory:

Hand Weapons
 a - the +5 battleaxe of Heresy {chop, rC+ rN+ MR+ Int-5}
   (Trog gifted it to you on level 4 of the Lair of Beasts)

   It inflicts extra damage upon your enemies.
   It affects your intelligence (-5).
   It protects you from cold.
   It protects you from negative energy.
   It affects your resistance to hostile enchantments.
 d - a +7 antimagic battleaxe
 m - the +7 arbalest "Faugoenk" (weapon) {velocity, rElec Dex+2}
   (You acquired it on level 15 of the Dungeon)

   Any bolt fired from it inflicts extra damage.
   It affects your dexterity (+2).
   It insulates you from electricity.
 p - the +8 whip "Snakebite" {curare, rPois}
   (You found it on level 3 of the Lair of Beasts)

   It poisons the flesh of those it strikes.
   It protects you from poison.
 w - a +2 flail of freezing
 N - a +4 antimagic executioner's axe
Missiles
 i - 394 bolts (quivered)
Armour
 n - a +0 pair of boots (worn)
 u - a +1 pair of gloves of dexterity (worn)
 F - a +2 cloak of invisibility
 H - a scarf of resistance (worn)
 S - a +0 helmet of see invisible (worn)
 W - a scarf of cloud immunity
 X - a +4 crystal plate armour (worn)
Jewellery
 h - the amulet of the Air {Inacc +Fly rElec EV+5 RMsl}
   (You found it on level 8 of the Dungeon)

   [amulet of inaccuracy]

   It reduces the accuracy of all your attacks.
   It affects your evasion (+5).
   It insulates you from electricity.
   It lets you fly.
   It protects you from missiles.
 j - a ring of protection from cold (right hand)
 v - a ring of protection from magic (left hand)
 B - an uncursed amulet of regeneration
 E - an uncursed amulet of guardian spirit
 G - an uncursed ring of protection from cold
 J - the amulet of Zabumab (around neck) {Reflect Str+5 Int-5 SH+5}
   (You found it on level 6 of the Dungeon)

   [amulet of reflection]

   It shields you and reflects attacks.
   It affects your strength (+5).
   It affects your intelligence (-5).
   It affects your SH (+5).
 R - an uncursed ring of positive energy
Wands
 g - a wand of polymorph (30)
 t - a wand of paralysis (8)
 y - a wand of clouds (3)
 D - a wand of scattershot (5)
 K - a wand of acid (18)
 P - a wand of digging (17)
 V - a wand of disintegration (22)
Scrolls
 e - 6 scrolls of fog
 f - 12 scrolls of teleportation
 k - 2 scrolls of remove curse
 l - 7 scrolls of blinking
 A - a scroll of enchant armour
 L - 2 scrolls of magic mapping
 O - 2 scrolls of fear
Potions
 q - 3 potions of haste
 r - 7 potions of heal wounds
 s - 4 potions of might
 x - 13 potions of curing
 z - a potion of berserk rage
 I - a potion of flight
 M - a potion of cancellation
 Y - a potion of resistance
 Z - 3 potions of agility
Books
 C - a manual of Axes
Miscellaneous
 b - a sack of spiders
 o - a box of beasts
Comestibles
 c - 43 rations


   Skills:
 + Level 17.4 Fighting
 + Level 21.4 Axes
 - Level 7.6 Crossbows
 + Level 17.2 Armour
 - Level 4.9 Dodging
 - Level 1.5 Stealth
 - Level 5.4 Evocations


You had 16 spell levels left.
You didn't know any spells.
Your spell library was empty.

Dungeon Overview and Level Annotations

Branches:
Dungeon (15/15)            Temple (0/1) D:5            Lair (6/6) D:9
  Swamp (0/4) Lair:2       Spider (1/4) Lair:3        Slime (0/5) Lair:6
    Orc (0/2) D:12         Vaults (0/5) D:13         Depths (0/5) D:15

Altars:
Cheibriados
Dithmenos
Elyvilon
Fedhas
Gozag
Makhleb
Nemelex Xobeh
Okawaru
Ru
Trog
Vehumet
Wu Jian
Xom
Zin
The Shining One

Shops:
D:5 [   D:9 [   D:15 *

Annotations:
Lair:1 2 transporters
Lair:5 3 runed translucent doors, Pereza0's ghost, journeyman TrMo; kalagan's ghost, journeyman DEEE
Lair:6 3 runed translucent doors, exclusion: 2 oklob plants, kalagan's ghost, journeyman DEEE


Message History

You see here a demonic crawler corpse.
Wield which item (- for none, * to show all)? (? for menu, Esc to quit)
m - the +7 arbalest "Faugoenk" (weapon)
{velocity, rElec Dex+2} You feel sick.
Firing (i - inventory)
i - 396 bolts (quivered)
Press: ? - help, Shift-Dir - straight line, f - orb spider
Aim: an orb spider (fully charged, clinging)
You shoot a bolt. The bolt hits the orb spider!!
The orb spider is almost dead.
You feel sick.
The orb spider weaves a glowing orb of energy.
An orb of destruction comes into view.
Firing (i - inventory)
i - 395 bolts (quivered)
Press: ? - help, Shift-Dir - straight line, f/p - orb spider
Aim: an orb spider (almost dead, clinging)
You shoot a bolt. The bolt hits the orb spider!!
You kill the orb spider!
Trog accepts your kill.
You feel sick. The orb of destruction hits you!!!
You die...

.... ..#....$# .....#
........ ...... ....^..#
......^. ....... .. ...
....# .. ....# #(.## ##
.....## #☼..## ..
.........###○...# .
.........##(†@†.#
.........#.....##
.......#≈≈.........
#.^......##.........
#####...#.....≈..........
.^......#...#≈#....#....?
........##....#....##.#..
.....#...#....##$...####.
.....#..##.....#.#.##


There were no monsters in sight!

Vanquished Creatures
  Kirke (Lair:4)
  Donald (Spider:1)
  A frost giant (IceCv)
  An ironheart preserver (D:13)
  2 entropy weavers (Lair:3)
  3 dire elephants (Lair:6)
  Nessos (D:14)
  A minotaur (Gauntlet)
  8 hydras
  A rakshasa (D:14)
  Erica (D:8)
  2 catoblepae
  3 centaur warriors
  19 two-headed ogres
  An anaconda (Lair:6)
  3 ogre magi
  2 tengu warriors
  3 death yaks (IceCv)
  A deep elf knight (Bailey)
  A slime creature (D:12)
  A fire crab (Lair:5)
  A hell knight (Volcano)
  5 unseen horrors
  An obsidian statue (Gauntlet)
  A wizard (D:15)
  3 orb spiders (Spider:1)
  13 deep elf magi
  A necromancer (Gauntlet)
  A wolf spider zombie (D:15)
  2 wolf spiders (Spider:1)
  14 ugly things
  6 cyclopes
  3 orc sorcerers (D:15)
  2 manticores
  Maurice (D:8)
  Psyche (D:12)
  10 elephants
  A smoke demon (Volcano)
  A gargoyle (D:14)
  17 spiny frogs
  3 black mambas
  5 rime drakes
  5 komodo dragons
  3 freezing wraiths (D:15)
  2 efreet
  A demonic crawler (Spider:1)
  A queen bee (D:9)
  22 polar bears
  8 jumping spiders
  2 hornets
  2 trolls (D:10)
  3 tyrant leeches
  3 meliai (D:15)
  26 blink frogs
  A wind drake (shapeshifter) (D:15)
  7 hippogriffs
  A meliai zombie (D:14)
  A tarantella (Spider:1)
  13 redbacks
  A vampire (D:15)
  A wraith (D:12)
  72 yaks
  15 fire bats
  2 basilisks
  2 hogs (Lair:4)
  2 hungry ghosts
  A naga (shapeshifter) (D:13)
  7 swamp worms
  22 water moccasins
  3 hell hounds (Volcano)
  An acid dragon (D:12)
  5 soldier ants
  Purgy (Sewer)
  7 porcupines
  A necrophage (D:12)
  10 orc warriors
  3 sky beasts
  5 ice beasts
  An eye of draining (D:10)
  44 wolves
  3 phantoms
  10 centaurs
  9 ogres
  10 crocodiles
  2 big kobolds
  18 bullfrogs
  A gnoll sergeant (D:6)
  A wyvern skeleton (D:13)
  3 scorpions
  17 killer bees
  8 wights
  4 electric eels
  6 howler monkeys
  7 crimson imps
  3 bullfrog zombies
  7 lava snakes
  5 centaur zombies
  4 bullfrog skeletons
  7 hounds
  Crazy Yiuf (D:2)
  A centaur skeleton (D:8)
  A gnoll shaman (D:4)
  9 orc priests
  3 jellies
  Jessica (D:2)
  3 iguanas
  16 orc wizards
  14 worker ants
  A hound zombie (D:6)
  2 hound skeletons
  A howler monkey zombie (D:6)
  2 worker ant zombies
  13 gnolls
  11 adders
  A howler monkey skeleton (D:4)
  A river rat (D:5)
  4 shadow imps
  An ooze (D:7)
  2 adder skeletons
  3 worms
  3 dart slugs
  10 leopard geckos
  50 orcs
  2 ball pythons
  6 giant cockroaches
  5 goblins
  5 hobgoblins
  5 jackals
  17 kobolds
  5 quokkas
  9 bats
  5 frilled lizards
  A jackal zombie (D:7)
  A quokka zombie (D:6)
  6 rats
  5 fungi (D:9)
  7 plants
  A withered plant (Gauntlet)
815 creatures vanquished.

Vanquished Creatures (collateral kills)
  A queen ant (Lair:4)
  2 yaks (Lair:6)
  A soldier ant (Lair:4)
  A crocodile (Lair:6)
  2 worker ants (Lair:4)
7 creatures vanquished.

Vanquished Creatures (others)
  A centaur (D:15)
  2 bushes (Lair:6)
  11 fungi
  9 plants
23 creatures vanquished.

Grand Total: 845 creatures vanquished

Notes
Turn   | Place    | Note
-------+----------+-------------------------------------------
     0 | D:1      | night the Hill Orc Monk began the quest for the Orb.
     0 | D:1      | Reached XP level 1. HP: 19/19 MP: 1/1
   348 | D:1      | Reached XP level 2. HP: 27/27 MP: 2/2
   736 | D:1      | You fall through a shaft!
   777 | D:2      | Reached skill level 5 in Axes
   777 | D:2      | Reached XP level 3. HP: 31/33 MP: 3/3
  1163 | D:2      | Found an iron altar of Okawaru.
  1164 | D:2      | Found a sparkling altar of Nemelex Xobeh.
  1172 | D:2      | Found a bloodstained altar of Trog.
  1172 | D:2      | Found an ornate altar of the Wu Jian Council.
  1181 | D:2      | Became a worshipper of Trog the Wrathful
  1181 | D:2      | Reached * piety under Trog
  1181 | D:2      | Reached ** piety under Trog
  1249 | D:2      | Noticed Jessica
  1264 | D:2      | Killed Jessica
  1264 | D:2      | Reached XP level 4. HP: 30/41 MP: 4/4
  1510 | D:2      | Found a runed translucent door.
  1511 | D:2      | Noticed Crazy Yiuf
  1580 | D:2      | Killed Crazy Yiuf
  1580 | D:2      | Reached skill level 6 in Axes
  1660 | D:3      | Found a white marble altar of Elyvilon.
  1926 | D:3      | Reached XP level 5. HP: 47/47 MP: 5/5
  2245 | D:3      | Found a burning altar of Makhleb.
  2250 | D:3      | Found a glowing silver altar of Zin.
  2250 | D:3      | Noticed an angel
  2251 | D:3      | Noticed a green death
  2410 | D:4      | Noticed an ogre
  2421 | D:4      | Reached skill level 5 in Fighting
  2424 | D:4      | Killed an ogre
  2424 | D:4      | Reached skill level 7 in Axes
  2424 | D:4      | Reached XP level 6. HP: 56/56 MP: 6/6
  2485 | D:4      | Reached skill level 8 in Axes
  2715 | D:4      | Reached *** piety under Trog
  2896 | D:4      | Found a shadowy altar of Dithmenos.
  2910 | D:4      | Reached XP level 7. HP: 63/63 MP: 7/7
  2951 | D:4      | Reached skill level 9 in Axes
  3157 | D:5      | Entered Level 5 of the Dungeon
  3196 | D:5      | Found a staircase to the Ecumenical Temple.
  3387 | D:5      | Found a glowing drain.
  3391 | Sewer    | Entered a sewer
  3399 | Sewer    | Noticed Purgy
  3403 | Sewer    | Killed Purgy
  3683 | D:5      | Reached skill level 10 in Axes
  3795 | D:5      | Reached XP level 8. HP: 73/73 MP: 8/8
  3963 | D:5      | Found Teit Haz's Antique Armour Shop.
  3966 | D:5      | Bought a runed cloak for 172 gold pieces
  4579 | D:5      | Found a snail-covered altar of Cheibriados.
  4825 | D:6      | Reached **** piety under Trog
  4825 | D:6      | Reached skill level 11 in Axes
  4840 | D:6      | Got an ancient diamond amulet
  4842 | D:6      | Identified the amulet of Zabumab {Reflect Str+5 Int-5 SH+5}
                  | (You found it on level 6 of the Dungeon)
  5257 | D:7      | Found a shimmering altar of Xom.
  5355 | D:7      | Reached skill level 12 in Axes
  5367 | D:7      | Reached XP level 9. HP: 63/82 MP: 9/9
  5588 | D:7      | Reached skill level 13 in Axes
  5678 | D:7      | Noticed a cyclops
  5689 | D:7      | Killed a cyclops
  5821 | D:7      | Found a glowing golden altar of the Shining One.
  5840 | D:7      | Reached skill level 14 in Axes
  6085 | D:8      | Found the amulet of the Air {Inacc +Fly rElec EV+5 RMsl}
  6154 | D:8      | Noticed Maurice
  6167 | D:8      | Killed Maurice
  6167 | D:8      | Reached skill level 10 in Fighting
  6167 | D:8      | Reached XP level 10. HP: 93/93 MP: 10/10
  6220 | D:8      | Noticed a two-headed ogre
  6228 | D:8      | Killed a two-headed ogre
  6228 | D:8      | Reached skill level 1 in Evocations
  6447 | D:8      | Received a gift from Trog
  6479 | D:8      | Found a radiant altar of Vehumet.
  6523 | D:8      | Paralysed by a hornet for 2 turns
  6932 | D:8      | Noticed Erica
  6948 | D:8      | Killed Erica
  6948 | D:8      | Reached skill level 15 in Axes
  7454 | D:9      | Found a staircase to the Lair.
  7550 | D:9      | Reached skill level 5 in Crossbows
  7978 | D:9      | Reached XP level 11. HP: 99/99 MP: 13/13
  8059 | D:9      | Found a blossoming altar of Fedhas.
  8202 | D:9      | Found Ciuptirr's Antique Armour Shoppe.
  8208 | D:9      | Bought a shiny helmet for 247 gold pieces
  8309 | D:10     | Entered Level 10 of the Dungeon
  8379 | D:10     | Found the +3 Elemental Staff {rElec rF++ rC++ MR++ AC+5}
  8381 | D:10     | Noticed a seven-headed hydra
  8391 | D:10     | Killed a seven-headed hydra
  8396 | D:10     | Reached ***** piety under Trog
  8437 | D:10     | HP: 2/99 [something (7)]
  8834 | D:10     | Reached skill level 16 in Axes
  9567 | Lair:1   | Entered Level 1 of the Lair of Beasts
  9608 | Lair:1   | Found a transporter.
  9960 | Lair:1   | Reached skill level 5 in Evocations
 10145 | Lair:1   | Found a transporter.
 10265 | Lair:1   | Received a gift from Trog
 10436 | Lair:1   | Noticed an eight-headed hydra
 10450 | Lair:1   | Killed an eight-headed hydra
 10852 | Lair:2   | Reached skill level 1 in Armour
 10891 | Lair:2   | Reached XP level 12. HP: 34/108 MP: 16/16
 11313 | Lair:2   | Reached skill level 5 in Armour
 11317 | Lair:2   | Found a dark tunnel.
 11327 | Volcano  | Entered a volcano
 11522 | Volcano  | Noticed a hell knight
 11547 | Volcano  | Killed a hell knight
 11561 | Volcano  | Found a burning altar of Makhleb.
 12531 | Lair:2   | Found a staircase to the Swamp.
 13285 | Lair:3   | Noticed a catoblepas
 13616 | Lair:3   | Reached skill level 10 in Armour
 13646 | Lair:2   | Killed a catoblepas
 14179 | Lair:3   | Noticed an eight-headed hydra
 14192 | Lair:3   | Killed an eight-headed hydra
 14196 | Lair:3   | Identified a scroll of acquirement
 14322 | Lair:3   | Reached XP level 13. HP: 36/116 MP: 17/17
 15232 | Lair:3   | Found a hole to the Spider Nest.
 15543 | Lair:3   | Found the +8 whip "Snakebite" {curare, rPois}
 15680 | Lair:4   | Received a gift from Trog
 15785 | Lair:4   | Got a blackened battleaxe {god gift}
 15786 | Lair:4   | Identified the +5 battleaxe of Heresy {chop, rC+ rN+ MR+
                  | Int-5} (Trog gifted it to you on level 4 of the Lair of
                  | Beasts)
 16190 | Lair:4   | Noticed Kirke
 16223 | Lair:4   | Killed Kirke
 16652 | Lair:4   | Noticed an entropy weaver
 16652 | Lair:4   | Noticed an entropy weaver
 16767 | Lair:3   | Killed an entropy weaver
 16768 | Lair:3   | Killed an entropy weaver
 17214 | Lair:5   | Found a frozen archway.
 17259 | IceCv    | Entered an ice cave
 17274 | IceCv    | Reached XP level 14. HP: 127/127 MP: 18/18
 17386 | IceCv    | Reached ****** piety under Trog
 17424 | IceCv    | Reached skill level 17 in Axes
 17658 | IceCv    | Noticed a frost giant
 17697 | IceCv    | Killed a frost giant
 17729 | IceCv    | Received a gift from Trog
 17886 | IceCv    | Identified the Tome of Warped Heat
 18385 | Lair:5   | Found a runed translucent gate.
 18385 | Lair:5   | Found a runed translucent gate.
 18385 | Lair:5   | Found a runed translucent gate.
 18392 | Lair:5   | Noticed kalagan's ghost (journeyman DEEE)
 18392 | Lair:5   | Noticed Pereza0's ghost (journeyman TrMo)
 18487 | Lair:5   | Received a gift from Trog
 19089 | Lair:6   | Entered Level 6 of the Lair of Beasts
 19098 | Lair:5   | Received a gift from Trog
 19478 | Lair:6   | Reached skill level 18 in Axes
 19481 | Lair:6   | Received a gift from Trog
 19702 | Lair:6   | Noticed kalagan's ghost (journeyman DEEE)
 19830 | Lair:6   | Reached XP level 15. HP: 119/139 MP: 19/19
 20295 | Lair:6   | Found a staircase to the Slime Pits.
 20819 | Lair:6   | Found a runed translucent gate.
 20819 | Lair:6   | Found a runed translucent gate.
 20819 | Lair:6   | Found a runed translucent gate.
 21238 | Lair:6   | Reached skill level 15 in Armour
 21630 | D:11     | Received a gift from Trog
 21983 | D:12     | Reached skill level 15 in Fighting
 22007 | D:12     | Found a gate leading to a gauntlet.
 22026 | Gauntlet | Entered a Gauntlet
 22026 | Gauntlet | Found a transporter.
 22026 | Gauntlet | Found a transporter.
 22026 | Gauntlet | Found a transporter.
 22031 | Gauntlet | Found a transporter.
 22035 | Gauntlet | Found a transporter.
 22035 | Gauntlet | Found a transporter.
 22058 | Gauntlet | Found a transporter.
 22059 | Gauntlet | Found a transporter.
 22059 | Gauntlet | Found a transporter.
 22059 | Gauntlet | Found a transporter.
 22078 | Gauntlet | Identified the cursed +3 hunting sling "Kytrol Hueli"
                  | {freeze, rPois rC+ MR+++ Dex+4}
 22080 | Gauntlet | Found a transporter.
 22085 | Gauntlet | Found a transporter.
 22513 | Gauntlet | Reached skill level 19 in Axes
 22513 | Gauntlet | Reached XP level 16. HP: 149/149 MP: 20/20
 22579 | Gauntlet | Received a gift from Trog
 22659 | D:12     | Found a staircase to the Orcish Mines.
 22731 | D:12     | Noticed Psyche
 22736 | D:12     | Killed Psyche
 23598 | D:13     | Found a gate to the Vaults.
 23609 | D:13     | Reached skill level 20 in Axes
 23851 | D:13     | Got a brightly glowing scythe
 23852 | D:13     | Identified the +3 scythe of Fedhas's Wrath {slice, rElec}
                  | (You found it on level 13 of the Dungeon)
 23974 | D:13     | Received a gift from Trog
 24379 | D:13     | Found a sacrificial altar of Ru.
 24657 | D:14     | Found a flagged portal.
 24658 | D:14     | Noticed Nessos
 24674 | D:14     | Killed Nessos
 24684 | D:14     | Reached XP level 17. HP: 94/158 MP: 21/21
 24705 | Bailey   | Entered a bailey
 25807 | D:15     | Entered Level 15 of the Dungeon
 25834 | D:15     | Received a gift from Trog
 26162 | D:15     | Received a gift from Trog
 26245 | D:15     | Got a brightly glowing arbalest
 26246 | D:15     | Identified the +7 arbalest "Faugoenk" {velocity, rElec
                  | Dex+2} (You acquired it on level 15 of the Dungeon)
 26389 | D:15     | Found Gozag's Platinum Reserve.
 26396 | D:15     | Found an opulent altar of Gozag.
 26973 | D:15     | Found a staircase to the Depths.
 26976 | D:15     | Reached skill level 21 in Axes
 27588 | Spider:1 | Entered Level 1 of the Spider Nest
 27651 | Spider:1 | Noticed Donald
 27666 | Spider:1 | Killed Donald
 28044 | Spider:1 | Received a gift from Trog
 28072 | Spider:1 | Blown up by an orb spider

Skill      XL: |  1  2  3  4  5  6  7  8  9 10 11 12 13 14 15 16 17 |
---------------+----------------------------------------------------+-----
Fighting       | 4 5 6 7 8 10 11 12 14 15 16 17 | 17.4
Axes           | 5 6 7 8 10 12 14 15 16 18 19 20 21 | 21.4
Crossbows      | 2 5 7 |  7.6
Evocations     | 3 5 |  5.4
Armour         | 4 11 13 14 15 16 17 | 17.2
Dodging        | 3 4 |  4.9
Stealth        | |  1.5

Action                   |  1- 3 |  4- 6 |  7- 9 | 10-12 | 13-15 | 16-18 || total
-------------------------+-------+-------+-------+-------+-------+-------++-------
Melee: Hand axe          |    73 |    98 |       |       |       |       ||   171
       War axe           |       |    46 |   279 |   472 |   112 |       ||   909
       Flail             |       |       |       |    19 |    10 |    17 ||    46
       Battleaxe         |       |       |       |       |   778 |   339 ||  1117
       Whip              |       |       |       |       |    23 |    78 ||   101
       Executioner's axe |       |       |       |       |       |   112 ||   112
 Fire: Hand crossbow     |       |       |       |    10 |     6 |       ||    16
       Arbalest          |       |       |       |       |     8 |     4 ||    12
Invok: Berserk           |       |     3 |     1 |     5 |     4 |     4 ||    17
       Trog's Hand       |       |       |       |     2 |       |       ||     2
Evoke: Wand              |       |       |       |       |     5 |       ||     5
       Phial of floods   |       |       |       |       |     1 |       ||     1
  Use: Scroll            |       |       |    14 |    11 |     8 |     4 ||    37
       Potion            |       |       |       |     5 |     7 |     1 ||    13
 Stab: Sleeping          |     5 |     2 |     2 |     1 |       |       ||    10
       Petrified         |       |       |       |     3 |       |       ||     3
       Distracted        |       |       |       |       |     1 |     1 ||     2
  Eat: Chunk             |     1 |     8 |    12 |    17 |    26 |    12 ||    76
       Ration            |       |       |       |     4 |     2 |     3 ||     9
Armor: Robe              |    12 |     1 |       |       |       |       ||    13
       Leather armour    |       |    50 |       |       |       |       ||    50
       Ring mail         |       |     2 |    58 |   101 |       |       ||   161
       Scale mail        |       |       |    47 |       |       |       ||    47
       Crystal plate arm |       |       |       |   264 |   831 |   427 ||  1522
Dodge: Dodged            |    61 |    98 |   131 |   156 |   293 |   173 ||   912
Block: Other             |       |       |       |   101 |    32 |   111 ||   244
       Reflection        |       |       |       |     3 |       |    10 ||    13
